Workbook

Sheet Scenario Assumptions
B1: Select case in the "Financial Statements" sheet | C1: Forecast
B2: Scenario Analysis Assumptions | C2: 2020 | D2: 2021 | E2: 2022 | F2: 2023 | G2: 2024
B4: Revenue growth | C4: =OFFSET(C$9,MATCH('Financial Statements'!$C$9,$B$10:$B$12,0)+MATCH($B4,$B$9:$B$24,0)-1,0) -> 0.0125 | D4: =OFFSET(D$9,MATCH('Financial Statements'!$C$9,$B$10:$B$12,0)+MATCH($B4,$B$9:$B$24,0)-1,0) -> 0.04 | E4: =OFFSET(E$9,MATCH('Financial Statements'!$C$9,$B$10:$B$12,0)+MATCH($B4,$B$9:$B$24,0)-1,0) -> 0.05 | F4: =OFFSET(F$9,MATCH('Financial Statements'!$C$9,$B$10:$B$12,0)+MATCH($B4,$B$9:$B$24,0)-1,0) -> 0.05 | G4: =OFFSET(G$9,MATCH('Financial Statements'!$C$9,$B$10:$B$12,0)+MATCH($B4,$B$9:$B$24,0)-1,0) -> 0.05
B5: Gross profit as % of sales | C5: =OFFSET(C$9,MATCH('Financial Statements'!$C$9,$B$10:$B$12,0)+MATCH($B5,$B$9:$B$24,0)-1,0) -> 0.4 | D5: =OFFSET(D$9,MATCH('Financial Statements'!$C$9,$B$10:$B$12,0)+MATCH($B5,$B$9:$B$24,0)-1,0) -> 0.4 | E5: =OFFSET(E$9,MATCH('Financial Statements'!$C$9,$B$10:$B$12,0)+MATCH($B5,$B$9:$B$24,0)-1,0) -> 0.425 | F5: =OFFSET(F$9,MATCH('Financial Statements'!$C$9,$B$10:$B$12,0)+MATCH($B5,$B$9:$B$24,0)-1,0) -> 0.38 | G5: =OFFSET(G$9,MATCH('Financial Statements'!$C$9,$B$10:$B$12,0)+MATCH($B5,$B$9:$B$24,0)-1,0) -> 0.37
B6: R&D margin | C6: =OFFSET(C$9,MATCH('Financial Statements'!$C$9,$B$10:$B$12,0)+MATCH($B6,$B$9:$B$24,0)-1,0) -> 0.06 | D6: =OFFSET(D$9,MATCH('Financial Statements'!$C$9,$B$10:$B$12,0)+MATCH($B6,$B$9:$B$24,0)-1,0) -> 0.06 | E6: =OFFSET(E$9,MATCH('Financial Statements'!$C$9,$B$10:$B$12,0)+MATCH($B6,$B$9:$B$24,0)-1,0) -> 0.065 | F6: =OFFSET(F$9,MATCH('Financial Statements'!$C$9,$B$10:$B$12,0)+MATCH($B6,$B$9:$B$24,0)-1,0) -> 0.065 | G6: =OFFSET(G$9,MATCH('Financial Statements'!$C$9,$B$10:$B$12,0)+MATCH($B6,$B$9:$B$24,0)-1,0) -> 0.0625
B7: SG&A margin | C7: =OFFSET(C$9,MATCH('Financial Statements'!$C$9,$B$10:$B$12,0)+MATCH($B7,$B$9:$B$24,0)-1,0) -> 0.068 | D7: =OFFSET(D$9,MATCH('Financial Statements'!$C$9,$B$10:$B$12,0)+MATCH($B7,$B$9:$B$24,0)-1,0) -> 0.068 | E7: =OFFSET(E$9,MATCH('Financial Statements'!$C$9,$B$10:$B$12,0)+MATCH($B7,$B$9:$B$24,0)-1,0) -> 0.065 | F7: =OFFSET(F$9,MATCH('Financial Statements'!$C$9,$B$10:$B$12,0)+MATCH($B7,$B$9:$B$24,0)-1,0) -> 0.0625 | G7: =OFFSET(G$9,MATCH('Financial Statements'!$C$9,$B$10:$B$12,0)+MATCH($B7,$B$9:$B$24,0)-1,0) -> 0.0625
B9: Revenue Growth
B10: Best case | C10: 0.1 | D10: 0.1 | E10: 0.1 | F10: 0.1 | G10: 0.1
B11: Base case | C11: 0.0125 | D11: 0.04 | E11: 0.05 | F11: 0.05 | G11: 0.05
B12: Weak case | C12: 0.0001 | D12: 0.0001 | E12: 0.0001 | F12: 0.0001 | G12: 0.0001
B13: Gross profit as % of sales
B14: Best case | C14: 0.42 | D14: 0.42 | E14: 0.42 | F14: 0.42 | G14: 0.42
B15: Base case | C15: 0.4 | D15: 0.4 | E15: 0.425 | F15: 0.38 | G15: 0.37
B16: Weak case | C16: 0.38 | D16: 0.38 | E16: 0.38 | F16: 0.38 | G16: 0.38
B17: R&D Margin
B18: Best case | C18: 0.045 | D18: 0.045 | E18: 0.045 | F18: 0.045 | G18: 0.045
B19: Base case | C19: 0.06 | D19: 0.06 | E19: 0.065 | F19: 0.065 | G19: 0.0625
B20: Weak case | C20: 0.075 | D20: 0.075 | E20: 0.075 | F20: 0.075 | G20: 0.075
B21: SG&A Margin
B22: Best case | C22: 0.055 | D22: 0.055 | E22: 0.055 | F22: 0.055 | G22: 0.055
B23: Base case | C23: 0.068 | D23: 0.068 | E23: 0.065 | F23: 0.0625 | G23: 0.0625
B24: Weak case | C24: 0.075 | D24: 0.075 | E24: 0.075 | F24: 0.075 | G24: 0.075

Sheet Financial Statements
B1: ($) in millions | C1: Historical | F1: Forecast
B2: =C4&" Financial Statements" -> Apple Financial Statements | C2: 2017 | D2: 2018 | E2: 2019 | F2: 2020 | G2: 2021 | H2: 2022 | I2: 2023 | J2: 2024
B4: Company name | C4: Apple
B5: Ticker | C5: AAPL
B6: Share price as of last close | C6: 273.36
B7: Latest closing share price date | C7: 43889
B8: Latest fiscal year end date | C8: 43736
B9: Operating scenario | C9: Base case
B10: Circuit breaker: | C10: OFF
A12: x | B12: INCOME STATEMENT
B14: Revenue | C14: 229234 | D14: 265595 | E14: 260174 | F14: =E14*(1+F38) -> 263426.17 | G14: =F14*(1+G38) -> 273963.22 | H14: =G14*(1+H38) -> 287661.38 | I14: =H14*(1+I38) -> 302044.45 | J14: =I14*(1+J38) -> 317146.67
B15: Cost of sales (enter as -) | C15: -141048 | D15: -163756 | E15: -161782 | F15: =-(F14-F16) -> -158055.7 | G15: =-(G14-G16) -> -164377.93 | H15: =-(H14-H16) -> -165405.3 | I15: =-(I14-I16) -> -187267.56 | J15: =-(J14-J16) -> -199802.41
B16: Gross Profit | C16: =SUM(C14:C15) -> 88186 | D16: =SUM(D14:D15) -> 101839 | E16: =SUM(E14:E15) -> 98392 | F16: =F14*F39 -> 105370.47 | G16: =G14*G39 -> 109585.29 | H16: =H14*H39 -> 122256.09 | I16: =I14*I39 -> 114776.89 | J16: =J14*J39 -> 117344.27
B18: Research & development (enter as -) | C18: -11581 | D18: -14236 | E18: -16217 | F18: =-(F14*F40) -> -15805.57 | G18: =-(G14*G40) -> -16437.793 | H18: =-(H14*H40) -> -18697.99 | I18: =-(I14*I40) -> -19632.889 | J18: =-(J14*J40) -> -19821.667
B19: Selling, general & administrative (enter as -) | C19: -15261 | D19: -16705 | E19: -18245 | F19: =-(F14*F41) -> -17912.98 | G19: =-(G14*G41) -> -18629.499 | H19: =-(H14*H41) -> -18697.99 | I19: =-(I14*I41) -> -18877.778 | J19: =-(J14*J41) -> -19821.667
B20: Operating Profit (EBIT) | C20: =SUM(C18:C19,C16) -> 61344 | D20: =SUM(D18:D19,D16) -> 70898 | E20: =SUM(E18:E19,E16) -> 63930 | F20: =SUM(F18:F19,F16) -> 71651.92 | G20: =SUM(G18:G19,G16) -> 74517.996 | H20: =SUM(H18:H19,H16) -> 84860.108 | I20: =SUM(I18:I19,I16) -> 76266.224 | J20: =SUM(J18:J19,J16) -> 77700.935
B22: Interest income | C22: 5201 | D22: 5686 | E22: 4961 | F22: =F249 -> 4946.9331 | G22: =G249 -> 5847.2118 | H22: =H249 -> 6886.3348 | I22: =I249 -> 7889.0863 | J22: =J249 -> 8682.6498
B23: Interest expense (enter as -) | C23: -2323 | D23: -3240 | E23: -3576 | F23: =-(F241+F154) -> -2627.212 | G23: =-(G241+G154) -> -2627.212 | H23: =-(H241+H154) -> -2627.212 | I23: =-(I241+I154) -> -2651.712 | J23: =-(J241+J154) -> -2651.712
B24: Other expense (enter as -) | C24: 2745 | D24: 2005 | E24: 1807 | F24: =E24 -> 1807 | G24: =F24 -> 1807 | H24: =G24 -> 1807 | I24: =H24 -> 1807 | J24: =I24 -> 1807
B25: Pre-Tax Profit | C25: =SUM(C22:C24)+C20 -> 66967 | D25: =SUM(D22:D24)+D20 -> 75349 | E25: =SUM(E22:E24)+E20 -> 67122 | F25: =SUM(F22:F24)+F20 -> 75778.641 | G25: =SUM(G22:G24)+G20 -> 79544.996 | H25: =SUM(H22:H24)+H20 -> 90926.231 | I25: =SUM(I22:I24)+I20 -> 83310.599 | J25: =SUM(J22:J24)+J20 -> 85538.873
B27: Taxes (enter expense as -) | C27: -15738 | D27: -13372 | E27: -10481 | F27: =-(F25*F42) -> -15155.728 | G27: =-(G25*G42) -> -17499.899 | H27: =-(H25*H42) -> -23640.82 | I27: =-(I25*I42) -> -21660.756 | J27: =-(J25*J42) -> -22240.107
B28: Net Income | C28: =C27+C25 -> 51229 | D28: =D27+D25 -> 61977 | E28: =E27+E25 -> 56641 | F28: =F27+F25 -> 60622.913 | G28: =G27+G25 -> 62045.097 | H28: =H27+H25 -> 67285.411 | I28: =I27+I25 -> 61649.843 | J28: =J27+J25 -> 63298.766
B30: Basic shares outstanding | C30: 5217.242 | D30: 4955.377 | E30: 4617.834 | F30: =AVERAGE(F254,F257) -> 4421.8491 | G30: =AVERAGE(G254,G257) -> 4381.4952 | H30: =AVERAGE(H254,H257) -> 4345.7979 | I30: =AVERAGE(I254,I257) -> 4314.2074 | J30: =AVERAGE(J254,J257) -> 4286.2511
B31: Impact of dilutive securities | C31: =C32-C30 -> 34.45 | D31: =D32-D30 -> 44.732 | E31: =E32-E30 -> 31.079 | F31: 31 | G31: 31 | H31: 31 | I31: 31 | J31: 31
B32: Diluted shares outstanding | C32: =5251692/1000 -> 5251.692 | D32: =5000109/1000 -> 5000.109 | E32: =4648913/1000 -> 4648.913 | F32: =F30+F31 -> 4452.8491 | G32: =G30+G31 -> 4412.4952 | H32: =H30+H31 -> 4376.7979 | I32: =I30+I31 -> 4345.2074 | J32: =J30+J31 -> 4317.2511
B34: Basic EPS | C34: =C28/C30 -> 9.8191727 | D34: =D28/D30 -> 12.50702 | E34: =E28/E30 -> 12.265707 | F34: =F28/F30 -> 13.709856 | G34: =G28/G30 -> 14.160713 | H34: =H28/H30 -> 15.482867 | I34: =I28/I30 -> 14.289958 | J34: =J28/J30 -> 14.767862
B35: Diluted EPS | C35: =C28/C32 -> 9.7547609 | D35: =D28/D32 -> 12.39513 | E35: =E28/E32 -> 12.183708 | F35: =F28/F32 -> 13.61441 | G35: =G28/G32 -> 14.061227 | H35: =H28/H32 -> 15.373205 | I35: =I28/I32 -> 14.188009 | J35: =J28/J32 -> 14.661822
B37: Growth Rates & Margins
B38: Revenue growth | D38: =D14/C14-1 -> 0.15861958 | E38: =E14/D14-1 -> -0.020410776 | F38: ='Scenario Assumptions'!C4 -> 0.0125 | G38: ='Scenario Assumptions'!D4 -> 0.04 | H38: ='Scenario Assumptions'!E4 -> 0.05 | I38: ='Scenario Assumptions'!F4 -> 0.05 | J38: ='Scenario Assumptions'!G4 -> 0.05
B39: Gross profit as % of sales | C39: =C16/C14 -> 0.3846986 | D39: =D16/D14 -> 0.38343719 | E39: =E16/E14 -> 0.37817768 | F39: ='Scenario Assumptions'!C5 -> 0.4 | G39: ='Scenario Assumptions'!D5 -> 0.4 | H39: ='Scenario Assumptions'!E5 -> 0.425 | I39: ='Scenario Assumptions'!F5 -> 0.38 | J39: ='Scenario Assumptions'!G5 -> 0.37
B40: R&D margin | C40: =-C18/C14 -> 0.050520429 | D40: =-D18/D14 -> 0.053600407 | E40: =-E18/E14 -> 0.062331363 | F40: ='Scenario Assumptions'!C6 -> 0.06 | G40: ='Scenario Assumptions'!D6 -> 0.06 | H40: ='Scenario Assumptions'!E6 -> 0.065 | I40: ='Scenario Assumptions'!F6 -> 0.065 | J40: ='Scenario Assumptions'!G6 -> 0.0625
B41: SG&A margin | C41: =-C19/C14 -> 0.066573894 | D41: =-D19/D14 -> 0.062896515 | E41: =-E19/E14 -> 0.070126146 | F41: ='Scenario Assumptions'!C7 -> 0.068 | G41: ='Scenario Assumptions'!D7 -> 0.068 | H41: ='Scenario Assumptions'!E7 -> 0.065 | I41: ='Scenario Assumptions'!F7 -> 0.0625 | J41: ='Scenario Assumptions'!G7 -> 0.0625
B42: Tax rate | C42: =-C27/C25 -> 0.23501127 | D42: =-D27/D25 -> 0.17746752 | E42: =-E27/E25 -> 0.15614851 | F42: 0.2 | G42: 0.22 | H42: 0.26 | I42: 0.26 | J42: 0.26
B44: EBITDA Reconciliation
B45: Depreciation & amortization | C45: 10157 | D45: 10903 | E45: 12547 | F45: =-('Depreciation Waterfall'!F6) -> 10744.566 | G45: =-('Depreciation Waterfall'!G6) -> 11187.766 | H45: =-('Depreciation Waterfall'!H6) -> 11792.71 | I45: =-('Depreciation Waterfall'!I6) -> 12675.042 | J45: =-('Depreciation Waterfall'!J6) -> 13848.631
B46: Stock based compensation | C46: 4909 | D46: 5443 | E46: 6194 | F46: =F169 -> 5753.2277 | G46: =G169 -> 5983.3568 | H46: =H169 -> 5678.4357 | I46: =I169 -> 5644.4557 | J46: =J169 -> 5986.1435
B47: EBITDA | C47: =C20+C45+C46 -> 76410 | D47: =D20+D45+D46 -> 87244 | E47: =E20+E45+E46 -> 82671 | F47: =F20+F45+F46 -> 88149.713 | G47: =G20+G45+G46 -> 91689.119 | H47: =H20+H45+H46 -> 102331.25 | I47: =I20+I45+I46 -> 94585.722 | J47: =J20+J45+J46 -> 97535.71
A49: x | B49: BALANCE SHEET
B51: Assets
B52: Cash & equivalents ST & LT mkt securities | D52: 237100 | E52: 205898 | F52: =E52+F222 -> 245876.71 | G52: =F52+G222 -> 288115.23 | H52: =G52+H222 -> 340773.8 | I52: =H52+I222 -> 379690.71 | J52: =I52+J222 -> 413245.35
B53: Accounts receivable | D53: 23186 | E53: 22926 | F53: =F89 -> 23181.503 | G53: =G89 -> 23834.8 | H53: =H89 -> 25026.54 | I53: =I89 -> 25673.778 | J53: =J89 -> 26957.467
B54: Inventory | D54: 3956 | E54: 4106 | F54: =F97 -> 3951.3926 | G54: =G97 -> 4109.4483 | H54: =H97 -> 4135.1324 | I54: =I97 -> 4307.1539 | J54: =J97 -> 4595.4553
B55: Other current assets (incl. non-trade receivables) | D55: 37896 | E55: 35230 | F55: =F134 -> 35230 | G55: =G134 -> 35230 | H55: =H134 -> 35230 | I55: =I134 -> 35230 | J55: =J134 -> 35230
B56: Property plant & equipment | D56: 41304 | E56: 37378 | F56: ='Depreciation Waterfall'!F7 -> 37960.76 | G56: ='Depreciation Waterfall'!G7 -> 39101.338 | H56: ='Depreciation Waterfall'!H7 -> 40253.39 | I56: ='Depreciation Waterfall'!I7 -> 42680.571 | J56: ='Depreciation Waterfall'!J7 -> 44689.273
B57: Other non-current assets | D57: 22283 | E57: 32978 | F57: =F139 -> 32978 | G57: =G139 -> 32978 | H57: =H139 -> 32978 | I57: =I139 -> 32978 | J57: =J139 -> 32978
B58: Total Assets | D58: =SUM(D52:D57) -> 365725 | E58: =SUM(E52:E57) -> 338516 | F58: =SUM(F52:F57) -> 379178.37 | G58: =SUM(G52:G57) -> 423368.81 | H58: =SUM(H52:H57) -> 478396.86 | I58: =SUM(I52:I57) -> 520560.21 | J58: =SUM(J52:J57) -> 557695.54
B60: Liabilities
B61: Accounts payable | D61: 55888 | E61: 46236 | F61: =F105 -> 44782.45 | G61: =G105 -> 47943.564 | H61: =H105 -> 54655.663 | I61: =I105 -> 60408.89 | J61: =J105 -> 57086.401
B62: Accrued expenses & def rev (current & noncurrent) | D62: 17930 | E62: 11502 | F62: =F113 -> 13171.309 | G62: =G113 -> 13698.161 | H62: =H113 -> 17259.683 | I62: =I113 -> 18726.756 | J62: =J113 -> 19663.094
B63: Revolver | D63: 0 | E63: 0 | F63: =F228 -> 0 | G63: =G228 -> 0 | H63: =H228 -> 0 | I63: =I228 -> 0 | J63: =J228 -> 0
B64: Long term debt | D64: 102519 | E64: 102067 | F64: =F152 -> 102067 | G64: =G152 -> 102067 | H64: =H152 -> 104817 | I64: =I152 -> 104817 | J64: =J152 -> 104817
B65: Other liabilities (current & non-current) | D65: 82241 | E65: 88223 | F65: =F144 -> 93223 | G65: =G144 -> 98223 | H65: =H144 -> 103223 | I65: =I144 -> 108223 | J65: =J144 -> 113223
B66: Total Liabilities | D66: =SUM(D61:D65) -> 258578 | E66: =SUM(E61:E65) -> 248028 | F66: =SUM(F61:F65) -> 253243.76 | G66: =SUM(G61:G65) -> 261931.72 | H66: =SUM(H61:H65) -> 279955.35 | I66: =SUM(I61:I65) -> 292175.65 | J66: =SUM(J61:J65) -> 294789.5
B68: Shareholders' Equity
B69: Common stock/additional paid in capital | D69: 40201 | E69: 45174 | F69: =F166 -> 50927.228 | G69: =G166 -> 56910.584 | H69: =H166 -> 62589.02 | I69: =I166 -> 68233.476 | J69: =J166 -> 74219.619
B70: Tresury stock | D70: 0 | E70: 0 | F70: =F175 -> -15773.8 | G70: =G175 -> -31547.6 | H70: =H175 -> -47321.4 | I70: =I175 -> -63095.2 | J70: =J175 -> -78869
B71: Retained earnings/accumulated eficit | D71: 70400 | E71: 45898 | F71: =F185 -> 91365.184 | G71: =G185 -> 136658.11 | H71: =H185 -> 183757.89 | I71: =I185 -> 223830.29 | J71: =J185 -> 268139.43
B72: Other comprehensive income/(loss) | D72: -3454 | E72: -584 | F72: =F194 -> -584 | G72: =G194 -> -584 | H72: =H194 -> -584 | I72: =I194 -> -584 | J72: =J194 -> -584
B73: Total Shareholders' Equity | D73: =SUM(D69:D72) -> 107147 | E73: =SUM(E69:E72) -> 90488 | F73: =SUM(F69:F72) -> 125934.61 | G73: =SUM(G69:G72) -> 161437.09 | H73: =SUM(H69:H72) -> 198441.51 | I73: =SUM(I69:I72) -> 228384.57 | J73: =SUM(J69:J72) -> 262906.05
B75: Balance sheet check | D75: =IF(ROUND(D58-(D66+D73),3)=0,"OK","NO") -> OK | E75: =IF(ROUND(E58-(E66+E73),3)=0,"OK","NO") -> OK | F75: =IF(ROUND(F58-(F66+F73),3)=0,"OK","NO") -> OK | G75: =IF(ROUND(G58-(G66+G73),3)=0,"OK","NO") -> OK | H75: =IF(ROUND(H58-(H66+H73),3)=0,"OK","NO") -> OK | I75: =IF(ROUND(I58-(I66+I73),3)=0,"OK","NO") -> OK | J75: =IF(ROUND(J58-(J66+J73),3)=0,"OK","NO") -> OK
B77: Ratios
B78: Net debt | D78: =D64+D63-D52 -> -134581 | E78: =E64+E63-E52 -> -103831 | F78: =F64+F63-F52 -> -143809.71 | G78: =G64+G63-G52 -> -186048.23 | H78: =H64+H63-H52 -> -235956.8 | I78: =I64+I63-I52 -> -274873.71 | J78: =J64+J63-J52 -> -308428.35
B79: Asset turnover (Revenue/total assets) | D79: =D14/D58 -> 0.72621505 | E79: =E14/E58 -> 0.76857224 | F79: =F14/F58 -> 0.69472891 | G79: =G14/G58 -> 0.64710298 | H79: =H14/H58 -> 0.60130283 | I79: =I14/I58 -> 0.58022962 | J79: =J14/J58 -> 0.5686735
B80: Net profit margin | D80: =D28/D14 -> 0.23335153 | E80: =E28/E14 -> 0.21770431 | F80: =F28/F14 -> 0.23013246 | G80: =G28/G14 -> 0.22647236 | H80: =H28/H14 -> 0.23390491 | I80: =I28/I14 -> 0.20410851 | J80: =J28/J14 -> 0.1995883
B81: Return on assets (ROA) | D81: =D28/D58 -> 0.16946339 | E81: =E28/E58 -> 0.16732149 | F81: =F28/F58 -> 0.15987967 | G81: =G28/G58 -> 0.14655094 | H81: =H28/H58 -> 0.14064769 | I81: =I28/I58 -> 0.1184298 | J81: =J28/J58 -> 0.11350058
B82: Return on book equity (ROE) | D82: =D28/D73 -> 0.57842963 | E82: =E28/E73 -> 0.6259504 | F82: =F28/F73 -> 0.48138404 | G82: =G28/G73 -> 0.38432988 | H82: =H28/H73 -> 0.33906923 | I82: =I28/I73 -> 0.26993874 | J82: =J28/J73 -> 0.24076573
B84: Working Capital
B86: Accounts Receivable
B87: Beginning of period | F87: =E89 -> 22926 | G87: =F89 -> 23181.503 | H87: =G89 -> 23834.8 | I87: =H89 -> 25026.54 | J87: =I89 -> 25673.778
B88: Increases/(decreases) | F88: =F89-F87 -> 255.5034 | G88: =G89-G87 -> 653.29691 | H88: =H89-H87 -> 1191.74 | I88: =I89-I87 -> 647.23811 | J88: =J89-J87 -> 1283.6889
B89: End of period | D89: =D53 -> 23186 | E89: =E53 -> 22926 | F89: =F91*F14 -> 23181.503 | G89: =G91*G14 -> 23834.8 | H89: =H91*H14 -> 25026.54 | I89: =I91*I14 -> 25673.778 | J89: =J91*J14 -> 26957.467
B91: AR as % of sales | D91: =D89/D14 -> 0.08729833 | E91: =E89/E14 -> 0.088117952 | F91: 0.088 | G91: 0.087 | H91: 0.087 | I91: 0.085 | J91: 0.085
B92: Days sales outstanding (DSO) | D92: =D91*365 -> 31.863891 | E92: =E91*365 -> 32.163052 | F92: =F91*365 -> 32.12 | G92: =G91*365 -> 31.755 | H92: =H91*365 -> 31.755 | I92: =I91*365 -> 31.025 | J92: =J91*365 -> 31.025
B94: Inventory
B95: Beginning of period | F95: =E97 -> 4106 | G95: =F97 -> 3951.3926 | H95: =G97 -> 4109.4483 | I95: =H97 -> 4135.1324 | J95: =I97 -> 4307.1539
B96: Increases/(decreases) | F96: =F97-F95 -> -154.60738 | G96: =G97-G95 -> 158.05571 | H96: =H97-H95 -> 25.684052 | I96: =I97-I95 -> 172.02151 | J96: =J97-J95 -> 288.30143
B97: End of period | D97: =D54 -> 3956 | E97: =E54 -> 4106 | F97: =-(F99*F15) -> 3951.3926 | G97: =-(G99*G15) -> 4109.4483 | H97: =-(H99*H15) -> 4135.1324 | I97: =-(I99*I15) -> 4307.1539 | J97: =-(J99*J15) -> 4595.4553
B99: Inventory as % of COGS | D99: =-(D97/D15) -> 0.024157893 | E99: =-(E97/E15) -> 0.025379832 | F99: 0.025 | G99: 0.025 | H99: 0.025 | I99: 0.023 | J99: 0.023
B100: Inventory turnover | D100: =-(D15/D97) -> 41.394338 | E100: =-(E15/E97) -> 39.401364 | F100: =-(F15/F97) -> 40 | G100: =-(G15/G97) -> 40 | H100: =-(H15/H97) -> 40 | I100: =-(I15/I97) -> 43.478261 | J100: =-(J15/J97) -> 43.478261
B102: Accounts Payable
B103: Beginning of period | F103: =E105 -> 46236 | G103: =F105 -> 44782.45 | H103: =G105 -> 47943.564 | I103: =H105 -> 54655.663 | J103: =I105 -> 60408.89
B104: Increases/(decreases) | F104: =F105-F103 -> -1453.5503 | G104: =G105-G103 -> 3161.1141 | H104: =H105-H103 -> 6712.0989 | I104: =I105-I103 -> 5753.2277 | J104: =J105-J103 -> -3322.489
B105: End of period | D105: =D61 -> 55888 | E105: =E61 -> 46236 | F105: =F107*F14 -> 44782.45 | G105: =G107*G14 -> 47943.564 | H105: =H107*H14 -> 54655.663 | I105: =I107*I14 -> 60408.89 | J105: =J107*J14 -> 57086.401
B107: AP as % of sales | D107: =D105/D14 -> 0.21042565 | E107: =E105/E14 -> 0.17771184 | F107: 0.17 | G107: 0.175 | H107: 0.19 | I107: 0.2 | J107: 0.18
B108: Days payables outstanding (DPO) | D108: =D107*365 -> 76.805362 | E108: =E107*365 -> 64.864821 | F108: =F107*365 -> 62.05 | G108: =G107*365 -> 63.875 | H108: =H107*365 -> 69.35 | I108: =I107*365 -> 73 | J108: =J107*365 -> 65.7
B110: Accrued Expenses & Def Revenues
B111: Beginning of period | F111: =E113 -> 11502 | G111: =F113 -> 13171.309 | H111: =G113 -> 13698.161 | I111: =H113 -> 17259.683 | J111: =I113 -> 18726.756
B112: Increases/(decreases) | F112: =F113-F111 -> 1669.3088 | G112: =G113-G111 -> 526.85235 | H112: =H113-H111 -> 3561.5219 | I112: =I113-I111 -> 1467.0731 | J112: =J113-J111 -> 936.3378
B113: End of period | D113: =D62 -> 17930 | E113: =E62 -> 11502 | F113: =F115*F14 -> 13171.309 | G113: =G115*G14 -> 13698.161 | H113: =H115*H14 -> 17259.683 | I113: =I115*I14 -> 18726.756 | J113: =J115*J14 -> 19663.094
B115: Accrued expenses & def revenues as % of sales | D115: =D113/D14 -> 0.067508801 | E115: =E113/E14 -> 0.044208876 | F115: 0.05 | G115: 0.05 | H115: 0.06 | I115: 0.062 | J115: 0.062
B117: Property, Plant & Equipment
B119: Beginning of period | F119: =E122 -> 37378 | G119: =F122 -> 39643.465 | H119: =G122 -> 43033.76 | I119: =H122 -> 46787.741 | J119: =I122 -> 51318.408
B120: Plus: Capital expenditures | F120: =F124 -> 11327.326 | G120: =G124 -> 12328.345 | H120: =H124 -> 12944.762 | I120: =I124 -> 15102.223 | J120: =J124 -> 15857.334
B121: Less: Depreciation | F121: =F126 -> -9061.8604 | G121: =G126 -> -8938.0501 | H121: =H126 -> -9190.7812 | I121: =I126 -> -10571.556 | J121: =J126 -> -11100.134
B122: End of period | D122: =D56 -> 41304 | E122: =E56 -> 37378 | F122: =SUM(F119:F121) -> 39643.465 | G122: =SUM(G119:G121) -> 43033.76 | H122: =SUM(H119:H121) -> 46787.741 | I122: =SUM(I119:I121) -> 51318.408 | J122: =SUM(J119:J121) -> 56075.608
B124: Capex (enter as +) | D124: 13313 | E124: 10495 | F124: =F14*F125 -> 11327.326 | G124: =G14*G125 -> 12328.345 | H124: =H14*H125 -> 12944.762 | I124: =I14*I125 -> 15102.223 | J124: =J14*J125 -> 15857.334
B125: Capital expenditures as % of revenue | D125: =D124/D14 -> 0.050125191 | E125: =E124/E14 -> 0.040338389 | F125: 0.043 | G125: 0.045 | H125: 0.045 | I125: 0.05 | J125: 0.05
B126: Depreciation (enter as -) | D126: -9300 | E126: -11300 | F126: =-(F127*F124) -> -9061.8604 | G126: =-(G127*G124) -> -8938.0501 | H126: =-(H127*H124) -> -9190.7812 | I126: =-(I127*I124) -> -10571.556 | J126: =-(J127*J124) -> -11100.134
B127: Depreciation as a % of capital expenditures | D127: =-(D126/D124) -> 0.69856531 | E127: =-(E126/E124) -> 1.0767032 | F127: 0.8 | G127: 0.725 | H127: 0.71 | I127: 0.7 | J127: 0.7
B129: Other Assets/Liabilities & Deferred Taxes
...

Sheet Depreciation Waterfall
B1: ($) in millions | C1: Historical | F1: Forecast
B2: Depreciation Waterfall | C2: 2017 | D2: 2018 | E2: 2019 | F2: 2020 | G2: 2021 | H2: 2022 | I2: 2023 | J2: 2024
B4: Beginning of period | F4: =E7 -> 37378 | G4: =F7 -> 37960.76 | H4: =G7 -> 39101.338 | I4: =H7 -> 40253.39 | J4: =I7 -> 42680.571
B5: Plus: Capital expenditures | F5: =F10 -> 11327.326 | G5: =G10 -> 12328.345 | H5: =H10 -> 12944.762 | I5: =I10 -> 15102.223 | J5: =J10 -> 15857.334
B6: Less: Depreciation | F6: =F12 -> -10744.566 | G6: =G12 -> -11187.766 | H6: =H12 -> -11792.71 | I6: =I12 -> -12675.042 | J6: =J12 -> -13848.631
B7: End of period | D7: ='Financial Statements'!D122 -> 41304 | E7: ='Financial Statements'!E122 -> 37378 | F7: =SUM(F4:F6) -> 37960.76 | G7: =SUM(G4:G6) -> 39101.338 | H7: =SUM(H4:H6) -> 40253.39 | I7: =SUM(I4:I6) -> 42680.571 | J7: =SUM(J4:J6) -> 44689.273
B9: Revenue | D9: ='Financial Statements'!D14 -> 265595 | E9: ='Financial Statements'!E14 -> 260174 | F9: ='Financial Statements'!F14 -> 263426.17 | G9: ='Financial Statements'!G14 -> 273963.22 | H9: ='Financial Statements'!H14 -> 287661.38 | I9: ='Financial Statements'!I14 -> 302044.45 | J9: ='Financial Statements'!J14 -> 317146.67
B10: Capex (enter as +) | D10: ='Financial Statements'!D124 -> 13313 | E10: ='Financial Statements'!E124 -> 10495 | F10: =F11*F9 -> 11327.326 | G10: =G11*G9 -> 12328.345 | H10: =H11*H9 -> 12944.762 | I10: =I11*I9 -> 15102.223 | J10: =J11*J9 -> 15857.334
B11: Capital expenditures as % of revenue | D11: =D10/D9 -> 0.050125191 | E11: =E10/E9 -> 0.040338389 | F11: ='Financial Statements'!F125 -> 0.043 | G11: ='Financial Statements'!G125 -> 0.045 | H11: ='Financial Statements'!H125 -> 0.045 | I11: ='Financial Statements'!I125 -> 0.05 | J11: ='Financial Statements'!J125 -> 0.05
B12: Depreciation (enter as -) | D12: ='Financial Statements'!D126 -> -9300 | E12: ='Financial Statements'!E126 -> -11300 | F12: =-(F29) -> -10744.566 | G12: =-(G29) -> -11187.766 | H12: =-(H29) -> -11792.71 | I12: =-(I29) -> -12675.042 | J12: =-(J29) -> -13848.631
B13: Depreciation as a % of capital expenditures | D13: =-(D12/D10) -> 0.69856531 | E13: =-(E12/E10) -> 1.0767032 | F13: =F12/F10 -> -0.94855276 | G13: =G12/G10 -> -0.90748323 | H13: =H12/H10 -> -0.91100247 | I13: =I12/I10 -> -0.83928323 | J13: =J12/J10 -> -0.87332658
B15: Existing PP&E
B16: Gross PP&E | D16: 90403 | E16: 95957
B17: Non-depreciable PP&E (i.e. land) | D17: 8108 | E17: =17085/2 -> 8542.5
B18: Accumulated depreciation | D18: =D16-D7 -> 49099 | E18: =E16-E7 -> 58579
B19: Net PP&E (excl. land) | D19: =D16-D17-D18 -> 33196 | E19: =E16-E17-E18 -> 28835.5
B21: Average useful life | D21: 5 | E21: 5
B23: Depreciation from existing PP&E | F23: =SYD($E$19,0,$E$21,F2-$E$2) -> 9611.8333 | G23: =SYD($E$19,0,$E$21,G2-$E$2) -> 7689.4667 | H23: =SYD($E$19,0,$E$21,H2-$E$2) -> 5767.1 | I23: =SYD($E$19,0,$E$21,I2-$E$2) -> 3844.7333 | J23: =SYD($E$19,0,$E$21,J2-$E$2) -> 1922.3667
B24: ="Depreciation from capex purchased in "&F2 -> Depreciation from capex purchased in 2020 | D24: 0.5 | F24: =D24*$F$10/$E$21 -> 1132.7326 | G24: =$F$10/$E$21 -> 2265.4651 | H24: =$F$10/$E$21 -> 2265.4651 | I24: =$F$10/$E$21 -> 2265.4651 | J24: =$F$10/$E$21 -> 2265.4651
B25: ="Depreciation from capex purchased in "&G2 -> Depreciation from capex purchased in 2021 | G25: =D24*$G$10/$E$21 -> 1232.8345 | H25: =$G$10/$E$21 -> 2465.669 | I25: =$G$10/$E$21 -> 2465.669 | J25: =$G$10/$E$21 -> 2465.669
B26: ="Depreciation from capex purchased in "&H2 -> Depreciation from capex purchased in 2022 | H26: =D24*$H$10/$E$21 -> 1294.4762 | I26: =$H$10/$E$21 -> 2588.9524 | J26: =$H$10/$E$21 -> 2588.9524
B27: ="Depreciation from capex purchased in "&I2 -> Depreciation from capex purchased in 2023 | I27: =D24*$I$10/$E$21 -> 1510.2223 | J27: =$I$10/$E$21 -> 3020.4445
B28: ="Depreciation from capex purchased in "&J2 -> Depreciation from capex purchased in 2024 | J28: =D24*$J$10/$E$21 -> 1585.7334
B29: Total depreciation | F29: =SUM(F23:F28) -> 10744.566 | G29: =SUM(G23:G28) -> 11187.766 | H29: =SUM(H23:H28) -> 11792.71 | I29: =SUM(I23:I28) -> 12675.042 | J29: =SUM(J23:J28) -> 13848.631

Sheet DCF
B1: ($) in millions | C1: Historical | F1: Forecast
B2: Discounted Cash Flow | C2: 2017 | D2: 2018 | E2: 2019 | F2: 2020 | G2: 2021 | H2: 2022 | I2: 2023 | J2: 2024
B4: Assumptions
B5: Share price as of last close | C5: ='Financial Statements'!C6 -> 273.36
B6: Latest closing share price date | C6: ='Financial Statements'!C7 -> 43889
B7: Latest basic share count | C7: 4375.48
B8: Weighted average cost of capital | C8: =D93 -> 0.069938507
C9: =EOMONTH(D9,-12) -> 43008 | D9: =EOMONTH(E9,-12) -> 43373 | E9: 43736 | F9: =EOMONTH(E9,12) -> 44104 | G9: =EOMONTH(F9,12) -> 44469 | H9: =EOMONTH(G9,12) -> 44834 | I9: =EOMONTH(H9,12) -> 45199 | J9: =EOMONTH(I9,12) -> 45565
A10: x | B10: FREE CASH FLOW
B12: EBITDA | C12: ='Financial Statements'!C47 -> 76410 | D12: ='Financial Statements'!D47 -> 87244 | E12: ='Financial Statements'!E47 -> 82671 | F12: ='Financial Statements'!F47 -> 88149.713 | G12: ='Financial Statements'!G47 -> 91689.119 | H12: ='Financial Statements'!H47 -> 102331.25 | I12: ='Financial Statements'!I47 -> 94585.722 | J12: ='Financial Statements'!J47 -> 97535.71
B13: EBIT | C13: ='Financial Statements'!C20 -> 61344 | D13: ='Financial Statements'!D20 -> 70898 | E13: ='Financial Statements'!E20 -> 63930 | F13: ='Financial Statements'!F20 -> 71651.92 | G13: ='Financial Statements'!G20 -> 74517.996 | H13: ='Financial Statements'!H20 -> 84860.108 | I13: ='Financial Statements'!I20 -> 76266.224 | J13: ='Financial Statements'!J20 -> 77700.935
B14: Tax rate | C14: ='Financial Statements'!C42 -> 0.23501127 | D14: ='Financial Statements'!D42 -> 0.17746752 | E14: ='Financial Statements'!E42 -> 0.15614851 | F14: ='Financial Statements'!F42 -> 0.2 | G14: ='Financial Statements'!G42 -> 0.22 | H14: ='Financial Statements'!H42 -> 0.26 | I14: ='Financial Statements'!I42 -> 0.26 | J14: ='Financial Statements'!J42 -> 0.26
B15: EBIAT (NOPAT) | C15: =C13*(1-C14) -> 46927.468 | D15: =D13*(1-D14) -> 58315.908 | E15: =E13*(1-E14) -> 53947.426 | F15: =F13*(1-F14) -> 57321.536 | G15: =G13*(1-G14) -> 58124.037 | H15: =H13*(1-H14) -> 62796.48 | I15: =I13*(1-I14) -> 56437.006 | J15: =J13*(1-J14) -> 57498.692
B17: Depreciation & amortization | F17: ='Financial Statements'!F199 -> 10744.566 | G17: ='Financial Statements'!G199 -> 11187.766 | H17: ='Financial Statements'!H199 -> 11792.71 | I17: ='Financial Statements'!I199 -> 12675.042 | J17: ='Financial Statements'!J199 -> 13848.631
B18: Stock based compensation | F18: ='Financial Statements'!F200 -> 5753.2277 | G18: ='Financial Statements'!G200 -> 5983.3568 | H18: ='Financial Statements'!H200 -> 5678.4357 | I18: ='Financial Statements'!I200 -> 5644.4557 | J18: ='Financial Statements'!J200 -> 5986.1435
B19: Accounts receivable | F19: ='Financial Statements'!F201 -> -255.5034 | G19: ='Financial Statements'!G201 -> -653.29691 | H19: ='Financial Statements'!H201 -> -1191.74 | I19: ='Financial Statements'!I201 -> -647.23811 | J19: ='Financial Statements'!J201 -> -1283.6889
B20: Inventory | F20: ='Financial Statements'!F202 -> 154.60738 | G20: ='Financial Statements'!G202 -> -158.05571 | H20: ='Financial Statements'!H202 -> -25.684052 | I20: ='Financial Statements'!I202 -> -172.02151 | J20: ='Financial Statements'!J202 -> -288.30143
B21: Accounts payable | F21: ='Financial Statements'!F203 -> -1453.5503 | G21: ='Financial Statements'!G203 -> 3161.1141 | H21: ='Financial Statements'!H203 -> 6712.0989 | I21: ='Financial Statements'!I203 -> 5753.2277 | J21: ='Financial Statements'!J203 -> -3322.489
B22: Accrued expenses & def revenues | F22: ='Financial Statements'!F204 -> 1669.3088 | G22: ='Financial Statements'!G204 -> 526.85235 | H22: ='Financial Statements'!H204 -> 3561.5219 | I22: ='Financial Statements'!I204 -> 1467.0731 | J22: ='Financial Statements'!J204 -> 936.3378
B23: Other current assets (incl. non-trade receivables) | F23: ='Financial Statements'!F205 -> 0 | G23: ='Financial Statements'!G205 -> 0 | H23: ='Financial Statements'!H205 -> 0 | I23: ='Financial Statements'!I205 -> 0 | J23: ='Financial Statements'!J205 -> 0
B24: Other non-current assets | F24: ='Financial Statements'!F206 -> 0 | G24: ='Financial Statements'!G206 -> 0 | H24: ='Financial Statements'!H206 -> 0 | I24: ='Financial Statements'!I206 -> 0 | J24: ='Financial Statements'!J206 -> 0
B25: Other liabilities (current & non-current) | F25: ='Financial Statements'!F207 -> 5000 | G25: ='Financial Statements'!G207 -> 5000 | H25: ='Financial Statements'!H207 -> 5000 | I25: ='Financial Statements'!I207 -> 5000 | J25: ='Financial Statements'!J207 -> 5000
B26: Unlevered CF from Operations | F26: =F15+SUM(F17:F25) -> 78934.192 | G26: =G15+SUM(G17:G25) -> 83171.774 | H26: =H15+SUM(H17:H25) -> 94323.823 | I26: =I15+SUM(I17:I25) -> 86157.545 | J26: =J15+SUM(J17:J25) -> 78375.325
B28: Less: capex | F28: ='Financial Statements'!F211 -> -11327.326 | G28: ='Financial Statements'!G211 -> -12328.345 | H28: ='Financial Statements'!H211 -> -12944.762 | I28: ='Financial Statements'!I211 -> -15102.223 | J28: ='Financial Statements'!J211 -> -15857.334
B29: Unlevered FCF | F29: =F26+F28 -> 67606.866 | G29: =G26+G28 -> 70843.429 | H29: =H26+H28 -> 81379.06 | I29: =I26+I28 -> 71055.322 | J29: =J26+J28 -> 62517.991
B31: % growth | G31: =G29/F29-1 -> 0.047873287 | H31: =H29/G29-1 -> 0.14871713 | I31: =I29/H29-1 -> -0.12685988 | J31: =J29/I29-1 -> -0.12015048
B33: Discount factor | F33: =YEARFRAC($C$6,F9) -> 0.58888889 | G33: =YEARFRAC($C$6,G9) -> 1.5888889 | H33: =YEARFRAC($C$6,H9) -> 2.5888889 | I33: =YEARFRAC($C$6,I9) -> 3.5888889 | J33: =YEARFRAC($C$6,J9) -> 4.5888889
B34: Present value of unlevered FCF | F34: =F29/(1+$C$8)^F33 -> 64968.333 | G34: =G29/(1+$C$8)^G33 -> 63628.498 | H34: =H29/(1+$C$8)^H33 -> 68313.408 | I34: =I29/(1+$C$8)^I33 -> 55748.229 | J34: =J29/(1+$C$8)^J33 -> 45843.806
A36: x | B36: ENTERPRISE VALUE
B38: Perpetuity Approach | E38: Exit EBITDA Multiple Approach
B39: Unlevered FCF in last forecast period (t) | C39: =J29 -> 62517.991 | E39: Terminal year EBITDA | H39: =J12 -> 97535.71
B40: FCF t+1 | C40: =C39*(1+C41) -> 64393.531 | E40: Terminal value EBITDA multiple | H40: 12
B41: Long-term growth rate (g) | C41: 0.03 | E41: Terminal value | H41: =H39*H40 -> 1170428.5
B42: Terminal value | C42: =C40/(C8-C41) -> 1612316.9 | E42: Present value of terminal value | H42: =H41/(1+C8)^J33 -> 858263.3
B43: Present value of terminal value | C43: =C42/(1+C8)^J33 -> 1182295.6 | E43: Present value of stage 1 cash flows | H43: =SUM(F34:J34) -> 298502.27
B44: Present value of stage 1 cash flows | C44: =SUM(F34:J34) -> 298502.27 | E44: Enterprise Value | H44: =SUM(H42:H43) -> 1156765.6
B45: Enterprise Value | C45: =SUM(C43:C44) -> 1480797.8 | E45: Implied TV perpetual growth rate | H45: =(C8-J29/H41)/(1+J29/H41) -> 0.015686026
B46: Implied TV exit EBITDA multiple | C46: =C42/J12 -> 16.53053
B48: Net Debt & Options/Warrants
B50: Cash & equivalents ST & LT mkt. securities | C50: 207061
B51: Long-term debt | C51: 103302
B52: Trapped cash | C52: 14300
B53: Net Debt | C53: =C51-C50 -> -103759
B55: Basic shares outstanding | C55: =C7 -> 4375.48
B56: Excercisable options | C56: 0
B57: Exercise price | C57: 0
B58: In-the-money excercisable options | C58: =IF(C57<C5,C56,0) -> 0
B59: Total proceeds | C59: =C58*C57 -> 0
B60: Total shares repurchased | C60: =C59/C5 -> 0
B61: Net dilutive options | C61: =C58-C60 -> 0
B62: Dilutive impact of shares from other securities | C62: 0
B63: Net Diluted Shares Outstanding | C63: =C62+C61+C55 -> 4375.48
A65: x | B65: FAIR VALUE PER SHARE
C67: Perpetuity | D67: EBITDA
B68: Enterprise value | C68: =C45 -> 1480797.8 | D68: =H44 -> 1156765.6
B69: Less: net debt | C69: =-(C53) -> 103759 | D69: =-(C53) -> 103759
B70: Less: trapped cash | C70: =-(C52) -> -14300 | D70: =-(C52) -> -14300
B71: Equity Value | C71: =C68+C69+C70 -> 1570256.8 | D71: =D68+D69+D70 -> 1246224.6
B73: Diluted shares | C73: =C63 -> 4375.48 | D73: =C63 -> 4375.48
B74: Equity Value per Share | C74: =C71/C73 -> 358.87648 | D74: =D71/D73 -> 284.82008
B75: Market premium/(discount) to fair value | C75: =$C$5/C74-1 -> -0.23828945 | D75: =$C$5/D74-1 -> -0.040236216
A77: x | B77: COST OF CAPITAL (WACC)
B79: Debt Assumptions
B80: Cost of debt | C80: 0.025
B81: Tax rate | C81: =J14 -> 0.26
B82: After Tax Cost of Debt | C82: =C80*(1+C81) -> 0.0315
B84: Equity Assumptions
B85: Risk-free rate | C85: 0.01374
B86: Beta | C86: 1.28
B87: Market risk premium | C87: 0.0413
B88: Cost of Equity | C88: =C85+C86*C87 -> 0.066604
C90: Amount | D90: % of Total
B91: Market value of equity | C91: =C5*C63 -> 1196081.2 | D91: =1-D92 -> 1.0949894
B92: Net debt | C92: =C53 -> -103759 | D92: =C92/(C92+C91) -> -0.094989371
B93: WACC | D93: =C82*D92+C88*D91 -> 0.069938507
B95: Sensitivity Analysis
C97: Equity Value per Share
C98: Long term growth rate (g)
C99: =C74 -> 358.87648 | D99: =E99-0.005 -> 0.02 | E99: =F99-0.005 -> 0.025 | F99: 0.03 | G99: =F99+0.005 -> 0.035 | H99: =G99+0.005 -> 0.04
C100: =C101-0.01 -> 0.05 | D100: 480.23699 | E100: 560.19132 | F100: 680.12282 | G100: 880.00866 | H100: 1279.7803
C101: =C102-0.01 -> 0.06 | D101: 369.10519 | E101: 410.50528 | F101: 465.70541 | G101: 542.98559 | H101: 658.90586
B102: WACC | C102: 0.07 | D102: 302.3409 | E102: 327.24734 | F102: 358.38039 | G102: 398.4086 | H102: 451.77955
C103: =C102+0.01 -> 0.08 | D103: 257.76371 | E103: 274.1878 | F103: 293.8967 | G103: 317.98536 | H103: 348.09619
C104: =C103+0.01 -> 0.09 | D104: 225.86759 | E104: 237.392 | F104: 250.83713 | G104: 266.72684 | H104: 285.79448
C106: Equity Value per Share
C107: Exit EBITDA Multiple
C108: =D74 -> 284.82008 | D108: =E108-0.5 -> 11 | E108: =F108-0.5 -> 11.5 | F108: 12 | G108: =F108+0.5 -> 12.5 | H108: =G108+0.5 -> 13
C109: =C110-0.01 -> 0.05 | D109: 287.90506 | E109: 296.81496 | F109: 305.72485 | G109: 314.63475 | H109: 323.54464
C110: =C111-0.01 -> 0.06 | D110: 277.9147 | E110: 286.44535 | F110: 294.976 | G110: 303.50665 | H110: 312.03731
B111: WACC | C111: 0.07 | D111: 268.41705 | E111: 276.58793 | F111: 284.75881 | G111: 292.9297 | H111: 301.10058
C112: =C111+0.01 -> 0.08 | D112: 259.38312 | E112: 267.21255 | F112: 275.04198 | G112: 282.87141 | H112: 290.70083
C113: =C112+0.01 -> 0.09 | D113: 250.78593 | E113: 258.29112 | F113: 265.79631 | G113: 273.30151 | H113: 280.8067
C115: Equity Value per Share
C116: Exit EBITDA Multiple
B117: EBITDA % | C117: =D74 -> 284.82008 | D117: =E117-0.5 -> 10.5 | E117: =F117-0.5 -> 11 | F117: =G117-0.5 -> 11.5 | G117: 12 | H117: =G117+0.5 -> 12.5
B118: 0.7 | C118: =C120*B118 -> 69596.8 | D118: 211.1368 | E118: 216.96868 | F118: 222.80057 | G118: 228.63246 | H118: 234.46435
B119: 0.85 | C119: =C120*B119 -> 84510.4 | D119: 237.38029 | E119: 244.46187 | F119: 251.54345 | G119: 258.62503 | H119: 265.70661
B120: 1 | C120: 99424 | D120: 263.62379 | E120: 271.95506 | F120: 280.28633 | G120: 288.6176 | H120: 296.94887
B121: 1.15 | C121: =C120*B121 -> 114337.6 | D121: 289.86729 | E121: 299.44825 | F121: 309.02921 | G121: 318.61017 | H121: 328.19113
B122: 1.3 | C122: =C120*B122 -> 129251.2 | D122: 316.11079 | E122: 326.94144 | F122: 337.77209 | G122: 348.60274 | H122: 359.43339
...
